 Dungeon Crawl Stone Soup version 0.30.1-11-g7821555f0a (webtiles) character file.

Game seed: 9495211555778283194

451935 Haddock0012 the Imperceptible (level 25, -11/172 HPs)
             Began as a Kobold Brigand on Nov 28, 2023.
             Was the Champion of Nemelex Xobeh.
             Mangled by a tengu reaver
             ... wielding a +3 great sword
              (41 damage)
             ... on level 5 of the Vaults.
             The game lasted 02:09:28 (65695 turns).

Haddock0012 the Imperceptible (Kobold Brigand)     Turns: 65695, Time: 02:09:29

Health: -11/172    AC: 17    Str: 12    XL:     25   Next: 51%
Magic:  35/35      EV: 31    Int: 13    God:    Nemelex Xobeh [******]
Gold:   7544       SH: 20    Dex: 28    Spells: 24/24 levels left

rFire   + + .        w - +8 autumn katana {manifold assault}
rCold   + . .        s - +5 kite shield {reflect}
rNeg    + + +        a - +1 scale mail "Xuekk" {rCorr Slay+6}
rPois   +            m - +2 hat {SInv}
rElec   .            D - scarf {rC+ rF+}
rCorr   +            A - +2 pair of gloves
SInv    +            b - +1 pair of boots of Disguise {Str+3}
Will    ++++.        c - amulet of the Tick {Faith Fragile rN++ Will+++ rCorr Str-5}
Stlth   +++++++++    i - +5 ring of evasion
HPRegen 0.48/turn    V - ring "Ajaf" {rPois rF+ rN++ Dex+6}
MPRegen 0.24/turn

%: reflection, faith
@: studying 2 skills
A: small, no large weapons, nightstalker 3
}: 2/15 runes: barnacled, gossamer
a: Renounce Religion, Draw Escape, Draw Destruction, Draw Summoning, Triple
Draw, Deal Four, Stack Five


You were on level 5 of the Vaults.
You worshipped Nemelex Xobeh.
Nemelex Xobeh was exalted by your worship.
You visited 8 branches of the dungeon, and saw 41 of its levels.
You visited the Abyss 1 time.
You also visited: Ossuary, Ice Cave and Volcano.

You collected 7948 gold pieces.
You spent 404 gold pieces at shops.

Inventory:

Hand Weapons
 w - the +8 autumn katana (weapon) {manifold assault}
   (You took it off a tengu warrior on level 2 of the Depths)
 z - a +2 long sword of holy wrath
 Z - a +9 short sword of electrocution
Armour
 a - the +1 scale mail "Xuekk" (worn) {rCorr Slay+6}
   (You found it in an ice cave)

   Slay:      It affects your accuracy & damage with ranged weapons and melee
   (+6).
   rCorr:     It protects you from acid and corrosion.
 b - the +1 pair of boots of Disguise (worn) {Str+3}
   (You acquired it on level 1 of the Lair of Beasts)

   Str:       It affects your strength (+3).
 m - a +2 hat of see invisible (worn)
 s - a +5 kite shield of reflection (worn)
 A - a +2 pair of gloves (worn)
 D - a scarf of resistance (worn)
Jewellery
 c - the amulet of the Tick (around neck) {Faith Fragile rN++ Will+++ rCorr Str-5}
   (You acquired it on level 13 of the Dungeon)

   [amulet of faith]

   It allows you to gain divine favour quickly.
   Str:       It affects your strength (-5).
   rN:        It greatly protects you from negative energy.
   rCorr:     It protects you from acid and corrosion.
   Fragile:   It will be destroyed if unequipped.
   Will:      It greatly increases your willpower.
 f - the ring "Olutu" {rC+ rN+ Will+}
   (You took it off a deep elf high priest on level 3 of the Elven Halls)

   [ring of willpower]

   rC:        It protects you from cold.
   rN:        It protects you from negative energy.
   Will:      It increases your willpower.
 i - a +5 ring of evasion (left hand)
 q - the ring "Baejiala" {Fly Will+ Int+2}
   (You took it off a deep elf death mage on level 3 of the Elven Halls)

   [ring of flight]

   Int:       It affects your intelligence (+2).
   Fly:       It grants you flight.
   Will:      It increases your willpower.
 O - a ring of see invisible
 S - the ring "Kofuna" {Wiz rC+ Slay+3}
   (You found it on level 5 of the Lair of Beasts)

   [ring of wizardry]

   It improves your spell success rate.
   Slay:      It affects your accuracy & damage with ranged weapons and melee
   (+3).
   rC:        It protects you from cold.
 V - the ring "Ajaf" (right hand) {rPois rF+ rN++ Dex+6}
   (You found it on level 8 of the Dungeon)

   [ring of poison resistance]

   Dex:       It affects your dexterity (+6).
   rF:        It protects you from fire.
   rPois:     It protects you from poison.
   rN:        It greatly protects you from negative energy.
Wands
 g - a wand of digging (14)
 o - a wand of polymorph (41)
 p - a wand of flame (89)
 v - a wand of mindburst (39)
 R - a wand of paralysis (79)
 X - a wand of iceblast (22)
 Y - a wand of quicksilver (13)
Scrolls
 d - 4 scrolls of amnesia
 e - 10 scrolls of vulnerability
 h - 3 scrolls of blinking
 k - 2 scrolls of butterflies
 n - 8 scrolls of immolation
 r - 5 scrolls of enchant weapon
 u - 8 scrolls of enchant armour
 B - 14 scrolls of poison
 C - 3 scrolls of magic mapping
 E - 8 scrolls of fog
 H - 7 scrolls of fear
 J - 21 scrolls of teleportation
 L - 4 scrolls of silence
 T - 4 scrolls of brand weapon
Potions
 j - 6 potions of lignification
 l - 17 potions of curing
 t - 5 potions of haste
 x - 5 potions of cancellation
 F - a potion of magic
 G - 11 potions of ambrosia
 I - a potion of heal wounds
 K - 7 potions of invisibility
 M - 9 potions of flight
 N - 4 potions of might
 P - 5 potions of resistance
 Q - a potion of berserk rage
 U - 11 potions of mutation
Miscellaneous
 y - a condenser vane
 W - a phantom mirror


   Skills:
 * Level 21.9 Fighting
 - Level 12.0(16.0) Short Blades
 * Level 11.5(12.4) Long Blades
 - Level 2.1 Throwing
 - Level 9.0 Armour
 - Level 19.3 Dodging
 - Level 25.0 Stealth
 - Level 12.0 Shields
 - Level 16.0 Invocations
 + Level 12.3 Evocations


You had 24 spell levels left.
You didn't know any spells.
Your spell library contained the following spells:

 Spells                   Type           Power      Damage    Failure   Level
 Apportation              Tloc           0%         N/A       96%         1
 Beastly Appendage        Tmut           0%         N/A       96%         1
 Foxfire                  Conj/Fire      0%         2x1d4     96%         1
 Freeze                   Ice            0%         1d3       96%         1
 Shock                    Conj/Air       0%         1d3       96%         1
 Summon Small Mammal      Summ           0%         N/A       96%         1
 Static Discharge         Conj/Air       0%         2-2/arc   99%         2
 Sublimation of Blood     Necr           0%         N/A       99%         2
 Wereblood                Tmut           0%         N/A       99%         2
 Call Canine Familiar     Summ           0%         N/A       100%        3
 Frozen Ramparts          Ice            0%         1d1       100%        3
 Hailstorm                Conj/Ice       0%         3d3       100%        3
 Ignite Poison            Fire/Tmut/Pois 0%         N/A       100%        3
 Inner Flame              Hex/Fire       0%         N/A       100%        3
 Portal Projectile        Hex/Tloc       0%         N/A       100%        3
 Spider Form              Tmut/Pois      0%         N/A       100%        3
 Summon Guardian Golem    Hex/Summ       0%         N/A       100%        3
 Swiftness                Air            0%         N/A       100%        3
 Tukima's Dance           Hex            0%         N/A       100%        3
 Vhi's Electric Charge    Tloc/Air       0%         N/A       100%        3
 Airstrike                Air            0%         2d(0-16)  100%        4
 Cause Fear               Hex            0%         N/A       100%        4
 Leda's Liquefaction      Hex/Erth       0%         N/A       100%        4
 Passage of Golubria      Tloc           0%         N/A       100%        4
 Petrify                  Tmut/Erth      0%         N/A       100%        4
 Sticky Flame             Conj/Fire      0%         2d3       100%        4
 Summon Ice Beast         Ice/Summ       0%         N/A       100%        4
 Summon Lightning Spire   Summ/Air       0%         N/A       100%        4
 Alistair's Intoxication  Tmut/Pois      0%         N/A       100%        5
 Arcjolt                  Conj/Air       0%         1d10      100%        5
 Borgnjor's Vile Clutch   Necr/Erth      0%         N/A       100%        5
 Fireball                 Conj/Fire      0%         3d3       100%        5
 Irradiate                Conj/Tmut      0%         3d11      100%        5
 Yara's Violent Unravell  Hex/Tmut       0%         3d3       100%        5
 Eringya's Noxious Bog    Tmut/Pois      0%         N/A       100%        6
 Plasma Beam              Fire/Air       0%         2x1d11    100%        6
 Starburst                Conj/Fire      0%         6d3       100%        6
 Dragon Form              Tmut           0%         N/A       100%        7
 Enfeeble                 Hex            0%         N/A       100%        7
 Malign Gateway           Summ/Tloc      0%         N/A       100%        7
 Monstrous Menagerie      Summ           0%         N/A       100%        7
 Ignition                 Fire           0%         3d3       100%        8
 Maxwell's Capacitive Co  Air            0%         ∞         100%        8
 Necromutation            Tmut/Necr      0%         N/A       100%        8
 Summon Horrible Things   Summ           0%         N/A       100%        8
 Dragon's Call            Summ           0%         N/A       100%        9


Dungeon Overview and Level Annotations

Branches:
Dungeon (15/15)            Temple (0/1) D:6            Lair (5/5) D:10
 Shoals (4/4) Lair:3       Spider (4/4) Lair:2        Slime (0/5) Lair:4
    Orc (2/2) D:11            Elf (3/3) Orc:2        Vaults (5/5) D:14
  Crypt (0/3) Vaults:3     Depths (3/4) D:15        Ossuary (visited)
  IceCv (visited)         Volcano (visited)

Altars:
Elyvilon
Fedhas
Makhleb
Nemelex Xobeh
Wu Jian
The Shining One
Jiyva

Shops:
D:3 *   D:5 **   D:6 :**?   D:7 *   D:10 !   Orc:2 ((=!   Elf:1 (
Shoals:1 (=?   Vaults:2 [

Portals:
Hell: Depths:1 Depths:2
Abyss: Depths:1 Depths:3
Pandemonium: Depths:2
Ziggurat: Depths:3

Annotations:
D:3 1 runed translucent door, aeroqp's ghost, amateur DrAE
D:5 Dowan; Duvessa
D:7 1 transporter, SacredBeard's ghost, novice DsNe
D:9 exclusion: 2 oklob saplings
Shoals:1 3 runed translucent doors
Elf:2 3 runed translucent doors
Elf:3 3 runed translucent doors
Depths:3 1 runed translucent door


Innate Abilities, Weirdness & Mutations

You are small and have problems with some larger weapons.
You are completely attuned to the shadows.


Message History

The ironbound convoker completely misses you.
A vault warden comes into view. It is wielding a +2 glaive of venom.
You slash the ironbound convoker!
The ironbound convoker is lightly wounded.
A tengu reaver comes into view. It is wielding a +3 great sword.
A deep troll comes into view.
The ironbound convoker completely misses you.
The tengu reaver shouts!
You slice the ironbound convoker!!
The ironbound convoker is severely wounded.
You hear a horrible gurgling sound!
You hit the ironbound convoker.
The ironbound convoker is severely wounded.
The ironbound convoker gestures at the vault warden while chanting.
The vault warden seems to grow stronger.
You slash the ironbound convoker!
The ironbound convoker is almost dead.
The ironbound convoker gestures at something while chanting.
The vault warden hits you from afar with a +2 glaive of venom!
You are poisoned.
You barely miss the ironbound convoker.
The ironbound convoker is almost dead.
You feel very sick.
The vault warden hits you from afar with a +2 glaive of venom!!!
* * * LOW HITPOINT WARNING * * *
You are lethally poisoned!
You hear a horrible gurgling sound! x3; You hear a shout!
Unknown command.
Unknown command.
Unknown command.
Unknown command.
You feel better. You block the deep troll's attack. The deep troll claws you.
* * * LOW HITPOINT WARNING * * *
You block the deep troll's attack.
The ironbound convoker gestures at something while chanting.
You block the vault warden's attack.
You draw a card...
You have drawn the Tomb.
Walls emerge from the floor!
The tengu reaver hits you with a +3 great sword!!!
You die...
Your body glows with a rainbow of weird colours and disappears.

*,,*,,*,,*....*,,,*!.,,*,,*
*,,*,,,,,,....#####..,,,,,,
*,,*,,*,.#*#...$.:...***,,*
*,,*,,,,..D#.........*,,,,,
*,,*,,.....#.#.#.#.#.*,,,,,
*,,**+#).............,,,,,*
*,,*,,*.).p[.........,,,,,*
*,,*,,**#TQ#.#.#.#.#.*,,***
*,,*,,,,#)@p.........,,,,,,
*,,,,,,,####......,..,,,,,,
*,,,,***##########*********
*,,,,,,,,,,,,,,,,,,,,,,,,,,
*,,,,,,,,,,,,,,,,,,,,,,,,,,
***************************


You could see a vault warden (strong), a tengu reaver (strong), a deep troll and
an ironbound convoker.

Vanquished Creatures
  Mara (Shoals:3)
  A juggernaut (Vaults:5)
  Boris (Vaults:3)
  Bai Suzhen (Elf:3)
  5 caustic shrikes
  A golden dragon (Depths:2)
  Mlioglotl (Spider:3)
  3 deep elf blademasters (Elf:3)
  A quicksilver dragon (shapeshifter) (Depths:1)
  3 liches
  Polyphemus (Shoals:3)
  12 sphinxes
  3 shadow dragons
  A storm dragon (IceCv)
  Donald (Spider:3)
  7 tengu reavers
  2 frost giants (Depths:2)
  8 fire giants
  11 vault wardens
  An iron dragon (Vaults:5)
  4 deep elf sorcerers (Elf:3)
  An emperor scorpion (Spider:4)
  4 ghost moths (Spider:4)
  6 deep elf elementalists (Elf:3)
  A ghoul (Vaults:3)
  2 broodmothers
  2 orc warlords
  A curse skull (Vaults:3)
  8 stone giants
  10 very ugly things
  A quicksilver ooze (Depths:1)
  12 ironbound preservers
  4 war gargoyles
  2 spriggan defenders (Depths:1)
  3 ironbound thunderhulks
  2 vampire knights
  7 deep elf demonologists
  8 deep elf annihilators
  A spark wasp (shapeshifter) (Vaults:5)
  3 minotaurs
  5 spark wasps
  11 dire elephants
  10 ettins
  4 deep elf death magi (Elf:3)
  2 merfolk javelineers (Shoals:3)
  2 crystal guardians (Vaults:4)
  5 fire dragons (Depths:2)
  Josephine (D:12)
  4 entropy weavers
  5 deep elf high priests (Elf:3)
  2 merfolk impalers
  3 great orbs of eyes
  6 vault guards
  2 jiangshi (Depths:1)
  A spriggan zombie (Depths:2)
  7 ice dragons
  3 rakshasas (Depths:2)
  8 yaktaur captains
  5 catoblepae
  5 peacekeepers
  4 jorogumos
  4 merfolk avatars
  2 spriggan air magi (Depths:2)
  A ghost crab (Spider:1)
  A spriggan skeleton (Depths:2)
  8 ironbound frosthearts
  2 alligator snapping turtles
  8 centaur warriors
  17 satyrs
  2 two-headed ogres
  6 hydras
  An alligator (Depths:1)
  A merfolk aquamancer (Shoals:4)
  3 radroaches
  4 vampire magi
  A boulder beetle (shapeshifter) (Elf:3)
  3 tengu warriors
  3 boulder beetles
  A deep troll shaman (Depths:2)
  4 orc high priests (Orc:2)
  15 death yaks
  15 dancing weapons
  6 spriggan berserkers
  8 deep troll earth magi
  A sun demon (Depths:2)
  4 skysharks
  A storm dragon zombie (Vaults:4)
  14 deep elf knights
  4 hell knights
  3 iron trolls
  3 sun moths
  22 deep trolls
  5 sea snakes
  4 glowing orange brains
  4 flayed ghosts
  A fire crab (D:13)
  6 pharaoh ants
  A goliath frog (D:14)
  13 orb spiders
  2 skeletal warriors (D:13)
  A storm dragon skeleton (Depths:3)
  11 deep elf archers
  4 lindwurms
  9 steelbarb worms
  A swamp dragon (Depths:3)
  Pikel (D:8)
  2 tengu zombies (Vaults:4)
  A golden dragon skeleton (Depths:1)
  2 phantasmal warriors
  9 wizards
  24 harpies
  19 ironbound convokers
  5 orc knights
  A shadow dragon zombie (Depths:3)
  21 deep elf pyromancers
  8 necromancers
  16 manticores
  18 wolf spiders
  A mana viper (Depths:3)
  5 orc sorcerers
  A shadow dragon skeleton (Depths:2)
  16 deep elf zephyrmancers
  A wolf spider zombie (D:13)
  An oklob plant (Lair:5)
  21 fauns
  3 salamanders (Volcano)
  41 ugly things
  6 elephants (Lair:3)
  A salamander (shapeshifter) (Elf:2)
  Joseph (Lair:1)
  A stone giant skeleton (Vaults:4)
  4 cyclopes
  3 moths of wrath
  A fire giant skeleton (Vaults:1)
  14 merfolk sirens
  Maurice (D:9)
  21 vault sentinels
  A guardian serpent (Elf:3)
  2 water nymphs
  4 black mambas
  2 gargoyles
  3 torpor snails
  4 cane toads
  A kobold demonologist (D:10)
  A yaktaur zombie (Vaults:1)
  4 unseen horrors (D:13)
  3 rime drakes (Lair:5)
  4 demonic crawlers
  A freezing wraith (Vaults:4)
  An efreet (D:14)
  12 komodo dragons
  2 tengu conjurers (Depths:2)
  26 merfolk
  21 yaktaurs
  A troll (shapeshifter) (Elf:1)
  7 trolls
  A hornet (shapeshifter) (Elf:2)
  20 tarantellas
  4 tyrant leeches
  11 blink frogs
  12 meliai (Spider:4)
  2 wind drakes
  5 hornets
  A tengu simulacrum (Depths:3)
  14 polar bears (IceCv)
  2 stone giant simulacra (Depths:1)
  9 snapping turtles
  A dream sheep (Depths:1)
  A human simulacrum (Vaults:1)
  33 slime creatures
  2 shadows
  An ettin skeleton (Depths:1)
  28 jumping spiders
  2 spriggans
  Sigmund (D:4)
  6 wyverns
  4 humans (D:14)
  26 culicivoras
  79 yaks
  5 vampires (D:13)
  7 fire bats
  9 wraiths
  4 basilisks
  A fire bat (shapeshifter) (Vaults:5)
  3 fire elementals
  7 steam dragons
  13 water elementals
  A hog (IceCv)
  A golden eye (Spider:4)
  A neqoxec (Abyss:2)
  2 steam dragons (shapeshifter)
  29 redbacks
  3 wargs
  8 vampire mosquitoes
  A swamp worm (Depths:1)
  3 acid dragons
  A floating eye (Shoals:4)
  A glowing shapeshifter skeleton (Vaults:4)
  14 water moccasins
  3 sky beasts
  26 orc warriors
  2 ice beasts (D:6)
  3 black bears (D:6)
  7 ogres
  26 wolves
  A boggart (IceCv)
  4 centaurs
  2 phantoms (D:7)
  A lemure (D:8)
  5 elf zombies
  2 kobold brigands
  12 bullfrogs
  An ogre simulacrum (Vaults:4)
  2 earth elementals
  A gnoll sergeant (D:4)
  2 scorpions (D:4)
  3 elf skeletons (D:4)
  6 wights
  10 killer bees
  An elephant simulacrum (Lair:1)
  12 electric eels
  4 howler monkeys
  5 centaur zombies
  A human zombie (Ossuary)
  Crazy Yiuf (D:2)
  3 hounds
  25 orc priests
  A sleepcap (D:7)
  2 gnoll boudas
  4 iguanas
  7 jellies
  Natasha (D:2)
  Terence (D:3)
  A human skeleton (D:4)
  22 orc wizards
  4 hell rats (Lair:4)
  A wolf simulacrum (Lair:1)
  2 mummies (Ossuary)
  13 adders
  16 gnolls
  A white imp (D:7)
  An ufetubus (D:5)
  2 adder zombies (Ossuary)
  3 worms
  3 dart slugs
  80 orcs
  15 ball pythons
  8 endoplasms
  5 giant cockroaches
  12 goblins
  8 hobgoblins
  5 jackals
  3 quokkas (D:4)
  5 bats
  3 frilled lizards
  7 hobgoblin zombies (Ossuary)
  4 jackal zombies (Ossuary)
  6 kobolds
  14 kobold zombies (Ossuary)
  An orc skeleton (D:4)
  5 orc zombies (Ossuary)
  6 rats
  A rat zombie (Ossuary)
1665 creatures vanquished.

Vanquished Creatures (collateral kills)
  A juggernaut (Depths:1)
  A deep elf blademaster (Elf:3)
  A hellephant (Depths:1)
  A storm dragon (Elf:3)
  A tengu reaver (Depths:1)
  A frost giant (Depths:1)
  2 stone giants
  A spriggan defender (Depths:1)
  2 deep elf annihilators (Elf:3)
  2 deep elf demonologists (Elf:3)
  2 deep elf death magi (Elf:3)
  An ettin (Vaults:5)
  2 vault guards (Vaults:4)
  3 hydras (Lair:2)
  2 ice dragons
  3 deep troll shamans (Depths:1)
  A deep troll earth mage (Depths:1)
  A vampire mage (Depths:1)
  2 goliath frogs
  A sea snake (Elf:3)
  An iron troll (Depths:1)
  A flayed ghost (Depths:1)
  A deep elf zephyrmancer (Elf:3)
  3 manticores
  A wolf spider (Elf:3)
  A faun (Shoals:2)
  A water nymph (Orc:2)
  A polar bear (Lair:2)
  2 tyrant leeches (Vaults:4)
  2 blink frogs (Lair:2)
  A spriggan (Lair:2)
  A slime creature (Vaults:5)
  A wyvern (Volcano)
  A steam dragon (Orc:2)
  2 black bears
  A wolf (Lair:2)
  An earth elemental (Elf:3)
  4 orc priests (Orc:2)
  2 orc wizards (Orc:2)
59 creatures vanquished.

Vanquished Creatures (others)
  A fire giant (Depths:2)
  A vault guard (D:14)
  A manticore (Shoals:4)
  An orc warrior (Depths:2)
  An orc priest (Orc:2)
  An orc wizard (Orc:2)
  An orc (Orc:2)
  A ball python (D:9)
  8 tentacles (Shoals:4)
16 creatures vanquished.

Grand Total: 1740 creatures vanquished

Notes
Turn   | Place    | Note
-------+----------+-------------------------------------------
     0 | D:1      | Haddock0012 the Kobold Brigand began the quest for the Orb.
     0 | D:1      | Reached XP level 1. HP: 12/12 MP: 1/1
    91 | D:1      | Reached XP level 2. HP: 18/18 MP: 2/2
   291 | D:1      | Found a faded altar of an unknown god.
   473 | D:1      | Reached XP level 3. HP: 22/22 MP: 3/3
   936 | D:2      | Noticed Natasha
   953 | D:2      | Killed Natasha
   954 | D:2      | Reached XP level 4. HP: 10/27 MP: 4/4
  1532 | D:2      | Found a runed translucent door.
  1535 | D:2      | Noticed Crazy Yiuf
  1719 | D:2      | Killed Crazy Yiuf
  1720 | D:2      | Reached skill level 6 in Stealth
  1720 | D:2      | Reached XP level 5. HP: 32/32 MP: 5/5
  2003 | D:3      | Noticed Terence
  2019 | D:3      | Killed Terence
  2102 | D:3      | Reached skill level 5 in Short Blades
  2377 | D:3      | Found Ijuby's Assorted Antiques.
  2416 | D:3      | Found a runed translucent door.
  2416 | D:3      | Noticed aeroqp's ghost (amateur DrAE)
  2431 | D:3      | Reached XP level 6. HP: 37/37 MP: 6/6
  2569 | D:3      | Found a blossoming altar of Fedhas.
  2746 | D:3      | Identified the +1 scimitar "Tinwuzubio" {flame, Dex+5}
  2885 | D:4      | Noticed Sigmund
  3136 | D:4      | Reached XP level 7. HP: 36/42 MP: 7/7
  3159 | D:4      | Reached skill level 7 in Stealth
  3172 | D:4      | Found a sand-covered staircase.
  3215 | Ossuary  | Entered an ossuary
  3587 | Ossuary  | Reached XP level 8. HP: 42/48 MP: 8/8
  3721 | D:4      | Killed Sigmund
  3722 | D:4      | Reached skill level 8 in Stealth
  3737 | D:4      | Found a sparkling altar of Nemelex Xobeh.
  3816 | D:4      | Reached skill level 5 in Fighting
  3835 | D:4      | Became a worshipper of Nemelex Xobeh the Trickster
  4217 | D:5      | Entered Level 5 of the Dungeon
  4307 | D:4      | Reached skill level 5 in Dodging
  4790 | D:4      | Reached skill level 1 in Evocations
  5137 | D:5      | Found Sumececo's Specific Store.
  5138 | D:5      | Found Piare's General Store.
  5160 | D:5      | Bought a scroll of fog for 56 gold pieces
  5349 | D:5      | Noticed Duvessa
  5363 | D:5      | Noticed Dowan
  5465 | D:5      | Reached * piety under Nemelex Xobeh
  5589 | D:5      | Received a gift from Nemelex Xobeh
  5690 | D:6      | Reached XP level 9. HP: 54/54 MP: 9/9
  5789 | D:6      | Found Ingeusij's Magic Scroll Emporium.
  5794 | D:6      | Bought a scroll of identify for 24 gold pieces
  5794 | D:6      | Bought a scroll of fear for 48 gold pieces
  5848 | D:6      | Found Lovauq's Book Boutique.
  5878 | D:6      | Reached skill level 9 in Stealth
  5984 | D:6      | Found Zaitsenk's Assorted Antiques.
  5989 | D:6      | Bought a runed helmet for 180 gold pieces
  6050 | D:6      | Found a staircase to the Ecumenical Temple.
  6102 | D:6      | Reached ** piety under Nemelex Xobeh
  6159 | D:6      | Found Xupnesau's General Store.
  6162 | D:6      | Bought a scroll of teleportation for 36 gold pieces
  6335 | D:6      | Reached skill level 10 in Short Blades
  6524 | D:7      | Found a transporter.
  6529 | D:7      | Found Pub Xaan's Fire Supplies.
  6646 | D:7      | Noticed SacredBeard's ghost (novice DsNe)
  6647 | D:7      | Received a gift from Nemelex Xobeh
  6697 | D:7      | Found an ornate altar of the Wu Jian Council.
  7076 | D:6      | Reached XP level 10. HP: 61/61 MP: 10/10
  7840 | D:8      | Noticed a manticore
  7844 | D:8      | Killed a manticore
  7845 | D:8      | Reached skill level 10 in Stealth
  7845 | D:8      | Reached skill level 5 in Evocations
  8147 | D:8      | Identified the ring "Ajaf" {rPois rF+ rN++ Dex+6}
  8298 | D:8      | Noticed Pikel
  8305 | D:8      | Killed Pikel
  8794 | D:9      | Noticed Maggie
  8896 | D:9      | Reached *** piety under Nemelex Xobeh
  8998 | D:9      | Noticed a two-headed ogre
  9001 | D:9      | Killed a two-headed ogre
  9002 | D:9      | Reached XP level 11. HP: 68/68 MP: 11/11
  9040 | D:9      | Reached skill level 11 in Stealth
  9640 | D:9      | Noticed Maurice
  9644 | D:9      | Killed Maurice
 10214 | D:9      | Maggie changed into Maggie the centaur
 10214 | D:9      | Noticed Maggie
 10222 | D:9      | Killed Maggie the centaur
 10419 | D:10     | Entered Level 10 of the Dungeon
 10443 | D:10     | Found Izxis's Distillery.
 10447 | D:10     | Bought a potion of heal wounds for 60 gold pieces
 10456 | D:10     | Reached skill level 12 in Stealth
 10571 | D:10     | Found a staircase to the Lair.
 10759 | D:10     | Received a gift from Nemelex Xobeh
 10810 | D:10     | Found a white marble altar of Elyvilon.
 11033 | D:10     | Reached **** piety under Nemelex Xobeh
 11140 | D:10     | Received a gift from Nemelex Xobeh
 11257 | D:10     | Reached XP level 12. HP: 59/76 MP: 12/12
 11269 | D:10     | Reached skill level 10 in Dodging
 11922 | D:11     | Found a staircase to the Orcish Mines.
 12114 | Lair:1   | Entered Level 1 of the Lair of Beasts
 12114 | Lair:1   | Noticed Joseph
 12118 | Lair:1   | Killed Joseph
 12119 | Lair:1   | Reached skill level 13 in Stealth
 12130 | Lair:1   | Found a frozen archway.
 12153 | IceCv    | Entered an ice cave
 12713 | IceCv    | Identified the +0 sling of Beskosk {antimagic, Will+ Int+4}
 12749 | IceCv    | Reached skill level 10 in Fighting
 13228 | IceCv    | Reached skill level 14 in Stealth
 13344 | IceCv    | Reached skill level 10 in Evocations
 13429 | IceCv    | Noticed an ironbound frostheart
 13570 | IceCv    | Noticed an ironbound frostheart
 13574 | IceCv    | Killed an ironbound frostheart
 13575 | IceCv    | Reached skill level 1 in Invocations
 13575 | IceCv    | Reached XP level 13. HP: 73/84 MP: 13/13
 13597 | IceCv    | Killed an ironbound frostheart
 13661 | IceCv    | a death yak changed into a storm dragon
 13661 | IceCv    | Noticed a storm dragon
 13679 | IceCv    | Killed a storm dragon
 13769 | IceCv    | Identified the +11 whip "Gram" {pain, Str+4}
 13774 | IceCv    | Identified the +1 scale mail "Xuekk" {rCorr Slay+6}
 14062 | Lair:1   | Received a gift from Nemelex Xobeh
 14171 | Lair:1   | Reached skill level 15 in Stealth
 14171 | Lair:1   | Reached skill level 1 in Shields
 14185 | Lair:1   | Identified a scroll of acquirement
 14186 | Lair:1   | Acquired the +1 pair of boots of Disguise {Str+3}
 14875 | Lair:1   | Received a gift from Nemelex Xobeh
 15250 | Lair:2   | Found a dark tunnel.
 15256 | Volcano  | Entered a volcano
 15816 | Volcano  | Noticed a fire dragon
 15823 | Volcano  | a fire dragon changed into a jorogumo
 15823 | Volcano  | Noticed a jorogumo
 15837 | Volcano  | Killed a jorogumo
 15937 | Lair:2   | Received a gift from Nemelex Xobeh
 15938 | Lair:2   | Found a hole to the Spider Nest.
 16052 | Lair:2   | Reached ***** piety under Nemelex Xobeh
 16360 | Lair:2   | Noticed a six-headed hydra
 16368 | Lair:2   | Reached XP level 14. HP: 91/91 MP: 17/17
 16370 | Lair:2   | Reached skill level 5 in Invocations
 16647 | Lair:2   | Received a gift from Nemelex Xobeh
 17055 | Lair:3   | Identified the -1 hand axe of Yeast {holy, Drain rN+++ SInv
                  | Stlth-}
 17091 | Lair:3   | Reached skill level 5 in Shields
 17203 | Lair:3   | Reached skill level 16 in Stealth
 17573 | Lair:3   | Received a gift from Nemelex Xobeh
 17583 | Lair:3   | Found a staircase to the Shoals.
 18723 | Lair:4   | Received a gift from Nemelex Xobeh
 18918 | Lair:4   | Found a viscous altar of Jiyva.
 18919 | Lair:4   | Found a staircase to the Slime Pits.
 19396 | Lair:4   | Acquired 1137 gold pieces
 19635 | Lair:5   | Entered Level 5 of the Lair of Beasts
 19638 | Lair:5   | Received a gift from Nemelex Xobeh
 19761 | Lair:5   | Reached skill level 17 in Stealth
 19767 | Lair:5   | Reached XP level 15. HP: 84/98 MP: 17/20
 20164 | Lair:5   | Received a gift from Nemelex Xobeh
 20538 | Lair:5   | Reached ****** piety under Nemelex Xobeh
 20539 | Lair:5   | Received a gift from Nemelex Xobeh
 20720 | Lair:5   | Identified the ring "Kofuna" {Wiz rC+ Slay+3}
 21171 | D:11     | Received a gift from Nemelex Xobeh
 21580 | D:12     | Noticed Josephine
 21584 | D:12     | Killed Josephine
 22150 | D:12     | Received a gift from Nemelex Xobeh
 22366 | D:13     | Acquired the amulet of the Tick {Faith Fragile rN++ Will+++
                  | rCorr Str-5}
 22379 | D:13     | Reached skill level 18 in Stealth
 22744 | D:13     | Reached skill level 15 in Dodging
 23128 | D:13     | Found a glowing golden altar of the Shining One.
 23394 | D:14     | Received a gift from Nemelex Xobeh
 23590 | D:14     | Reached XP level 16. HP: 106/106 MP: 23/23
 23986 | D:14     | Found a gate to the Vaults.
 24193 | D:15     | Entered Level 15 of the Dungeon
 24193 | D:15     | Received a gift from Nemelex Xobeh
 24319 | D:15     | Reached skill level 10 in Invocations
 24374 | D:15     | Found a staircase to the Depths.
 24382 | D:15     | Reached skill level 1 in Armour
 24693 | D:15     | Received a gift from Nemelex Xobeh
 25050 | D:15     | Received a gift from Nemelex Xobeh
 25593 | Orc:1    | Entered Level 1 of the Orcish Mines
 25611 | Orc:1    | Reached skill level 19 in Stealth
 25641 | Orc:1    | Found a burning altar of Makhleb.
 25725 | Orc:2    | Entered Level 2 of the Orcish Mines
 26561 | Orc:2    | Found a staircase to the Elven Halls.
 26993 | Orc:2    | Found Dasakk's Weapon Boutique.
 27007 | Orc:2    | Found Soicacwe's Distillery.
 27009 | Orc:2    | Found Jicis's Weapon Boutique.
 27009 | Orc:2    | Found Lolegrer's Jewellery Shop.
 27500 | Depths:1 | Entered Level 1 of the Depths
 27549 | Depths:1 | Received a gift from Nemelex Xobeh
 27557 | Depths:1 | Reached skill level 15 in Fighting
 27877 | Depths:1 | Found a one-way gate to the infinite horrors of the Abyss.
 28108 | Depths:1 | Reached XP level 17. HP: 113/113 MP: 25/25
 28145 | Depths:1 | Found a gateway to Hell.
 28223 | Depths:1 | Noticed a sphinx
 28225 | Depths:1 | Killed a sphinx
 28750 | Depths:1 | Noticed a juggernaut
 28767 | Depths:1 | Killed a juggernaut
 29015 | Depths:1 | Noticed a lich
 29016 | Depths:1 | Noticed a sphinx
 29026 | Depths:1 | Killed a lich
 29028 | Depths:1 | Killed a sphinx
 29029 | Depths:1 | Reached skill level 20 in Stealth
 29074 | Depths:1 | Received a gift from Nemelex Xobeh
 29107 | Depths:1 | Noticed a caustic shrike
 29109 | Depths:1 | Identified the +6 hand axe of Caczumoy {protect, rPois
                  | Will+ Str+2}
 29109 | Depths:1 | Identified the +1 robe of the Doldrums {+Inv rF++ Int+2
                  | Dex-2}
 29115 | Depths:1 | Noticed a quicksilver dragon
 29116 | Depths:1 | Killed a caustic shrike
 29116 | Depths:1 | Killed a quicksilver dragon
 29247 | Depths:1 | Identified the +4 plate armour of Gozag's Condemnation
                  | {rCorr Str-2 Dex+7}
 29289 | Depths:1 | Noticed a tentacled monstrosity
 29295 | Depths:1 | a tentacled monstrosity changed into a hellephant
 29295 | Depths:1 | Noticed a hellephant
 29298 | Depths:1 | Killed a hellephant
 29310 | Depths:1 | Noticed a tengu reaver
 29318 | Depths:1 | Killed a tengu reaver
 29356 | Depths:1 | Reached skill level 5 in Armour
 29565 | Depths:1 | Identified the staff of poison "Ydajog" {rPois rF+ Will+
                  | Int+3 Dex+3}
 29676 | Depths:2 | Noticed Saint Roka
 29698 | Depths:2 | Saint Roka changed into Saint Roka the sphinx
 29698 | Depths:2 | Noticed Saint Roka
 29701 | Depths:2 | Killed Saint Roka the sphinx
 29702 | Depths:2 | Noticed a shadow dragon
 29780 | Depths:2 | Killed a shadow dragon
 30087 | Depths:2 | Reached XP level 18. HP: 84/120 MP: 17/27
 30287 | Depths:2 | Identified the +8 sling of the Building Sybil {freeze, rF+
                  | Int-5 Dex+4}
 30295 | Depths:2 | Noticed a golden dragon
 30297 | Depths:2 | Killed a golden dragon
 30545 | Depths:2 | Noticed a juggernaut
 30860 | Depths:2 | Reached skill level 21 in Stealth
 31200 | Depths:2 | Received a gift from Nemelex Xobeh
 31603 | Depths:2 | Found a one-way gate leading to the halls of Pandemonium.
 31668 | Depths:2 | Noticed a lich
 31678 | Depths:2 | Killed a lich
 31882 | Depths:2 | Noticed a lich
 31898 | Depths:2 | Killed a lich
 32855 | Depths:2 | Noticed Asterion
 32860 | Depths:2 | Asterion changed into Asterion the catoblepas
 32860 | Depths:2 | Noticed Asterion
 32873 | Depths:2 | Reached XP level 19. HP: 119/127 MP: 27/29
 32879 | Depths:2 | Killed Asterion the catoblepas
 34255 | Depths:3 | Found a runed translucent door.
 34256 | Depths:3 | Noticed a juggernaut
 34257 | Depths:3 | Noticed a juggernaut
 34257 | Depths:3 | Noticed a golden dragon
 34257 | Depths:3 | Noticed a walking crystal tome
 34257 | Depths:3 | Noticed a juggernaut
 34303 | Depths:3 | Received a gift from Nemelex Xobeh
 34872 | Depths:3 | Found a one-way gateway to a ziggurat.
 34936 | Depths:3 | Received a gift from Nemelex Xobeh
 34981 | Depths:3 | Noticed a caustic shrike
 34981 | Depths:3 | Noticed a caustic shrike
 34981 | Depths:3 | Noticed a caustic shrike
 34982 | Depths:3 | Noticed a caustic shrike
 35192 | Depths:3 | Killed a caustic shrike
 35193 | Depths:3 | Reached skill level 22 in Stealth
 35197 | Depths:3 | Killed a caustic shrike
 35197 | Depths:3 | Killed a caustic shrike
 35197 | Depths:3 | Killed a caustic shrike
 35510 | Elf:1    | Entered Level 1 of the Elven Halls
 35601 | Abyss:2  | Cast into level 2 of the Abyss (a deep elf demonologist)
 35679 | Abyss:2  | Received a gift from Nemelex Xobeh
 35774 | Elf:1    | Escaped the Abyss
 36315 | Spider:1 | Entered Level 1 of the Spider Nest
 37182 | Shoals:1 | Entered Level 1 of the Shoals
 37185 | Shoals:1 | Received a gift from Nemelex Xobeh
 37460 | Shoals:1 | Received a gift from Nemelex Xobeh
 37482 | Shoals:1 | Found Qoipt's Jewellery Shop.
 37681 | Shoals:1 | Found Esojuox's Magic Scroll Shoppe.
 37707 | Shoals:1 | Reached XP level 20. HP: 135/135 MP: 30/30
 37728 | Shoals:1 | Found a runed translucent gate.
 37729 | Shoals:1 | Found a runed translucent gate.
 37730 | Shoals:1 | Found a runed translucent gate.
 37856 | Shoals:1 | Found Luco's Antique Weapon Shop.
 38540 | Shoals:2 | Received a gift from Nemelex Xobeh
 39035 | Shoals:2 | Reached XP level 21. HP: 140/140 MP: 31/31
 39799 | Shoals:2 | Received a gift from Nemelex Xobeh
 39957 | Shoals:3 | Noticed Polyphemus
 39964 | Shoals:3 | Killed Polyphemus
 40464 | Shoals:3 | Noticed Mara
 40816 | Shoals:3 | Received a gift from Nemelex Xobeh
 40870 | Shoals:3 | Killed Mara
 40871 | Shoals:3 | Reached skill level 23 in Stealth
 40907 | Shoals:3 | Reached skill level 15 in Invocations
 41477 | Shoals:4 | Entered Level 4 of the Shoals
 42178 | Spider:1 | Reached skill level 1 in Long Blades
 42763 | Spider:1 | Received a gift from Nemelex Xobeh
 42939 | Spider:2 | Identified the +5 long sword of Governance {antimagic,
                  | Dex+5}
 43492 | Spider:2 | Received a gift from Nemelex Xobeh
 44321 | Spider:3 | Noticed Aizul
 44324 | Spider:3 | Aizul changed into Aizul the five-headed hydra
 44324 | Spider:3 | Noticed Aizul
 44329 | Spider:3 | Killed Aizul the five-headed hydra
 44331 | Spider:3 | Received a gift from Nemelex Xobeh
 44441 | Spider:3 | Noticed Donald
 44445 | Spider:3 | Killed Donald
 44459 | Spider:3 | Noticed Mlioglotl
 44473 | Spider:3 | Killed Mlioglotl
 45170 | Spider:3 | Received a gift from Nemelex Xobeh
 45256 | Spider:3 | Identified the +0 helmet of Zaimufox {Harm rPois}
 45518 | Spider:4 | Entered Level 4 of the Spider Nest
 46345 | Spider:4 | Reached skill level 5 in Long Blades
 46345 | Spider:4 | Reached XP level 22. HP: 72/148 MP: 33/33
 47314 | Spider:4 | Received a gift from Nemelex Xobeh
 47830 | Spider:4 | Received a gift from Nemelex Xobeh
 48014 | Spider:4 | Got a gossamer rune of Zot
 48486 | Elf:1    | Found Leuvoes's Antique Weapon Shoppe.
 48493 | Elf:1    | Reached skill level 24 in Stealth
 48969 | Elf:1    | Received a gift from Nemelex Xobeh
 49847 | Elf:2    | Received a gift from Nemelex Xobeh
 50353 | Elf:2    | Found a runed translucent gate.
 50353 | Elf:2    | Found a runed translucent gate.
 50353 | Elf:2    | Found a runed translucent gate.
 50374 | Elf:2    | Received a gift from Nemelex Xobeh
 51359 | Elf:3    | Entered Level 3 of the Elven Halls
 51377 | Elf:3    | Noticed Bai Suzhen
 51380 | Elf:3    | Killed Bai Suzhen
 51511 | Elf:3    | Received a gift from Nemelex Xobeh
 51650 | Elf:3    | Found a runed translucent gate.
 51650 | Elf:3    | Found a runed translucent gate.
 51650 | Elf:3    | Found a runed translucent gate.
 52509 | Elf:3    | Identified the +3 executioner's axe of More {vamp, Str+3}
 52857 | Elf:3    | Reached XP level 23. HP: 155/155 MP: 34/34
 52882 | Elf:3    | Identified the ring "Olutu" {rC+ rN+ Will+}
 52964 | Elf:3    | HP: 1/155 [deep elf high priest/damnation (22)]
 53339 | Elf:3    | Identified the amulet of Kaenwuunt {Reflect Str+3 SH+5}
 53383 | Elf:3    | Identified the ring "Baejiala" {Fly Will+ Int+2}
 53400 | Elf:3    | Identified the +10 falchion of Armageddon {heavy, rElec rN+
                  | Dex+8 Stlth-}
 53400 | Elf:3    | Identified the +2 troll leather armour "Luruk" {rF+ Regen+
                  | Int+2 Slay+2}
 53651 | Elf:3    | Received a gift from Nemelex Xobeh
 53668 | Elf:3    | Identified the +1 leather armour of Ysobuo {rC+}
 53714 | Elf:3    | Identified the +0 pair of gloves of Heyh {Str+3}
 53729 | Elf:3    | Identified the +8 falchion of Due Proportion {heavy, rElec
                  | rCorr Stlth+}
 53821 | Elf:3    | Identified the +5 shortbow of No Interval {freeze, rF+
                  | Dex+2}
 54046 | Elf:3    | Identified the +9 dagger of the Wolf {flame, rElec}
 54050 | Elf:3    | Got the Discourse on the Gang and the Fault
 54783 | Shoals:4 | Paralysed by a floating eye for 3 turns
 55442 | Shoals:4 | HP: 3/156 [minotaur (11)]
 56067 | Shoals:4 | Reached skill level 10 in Shields
 56079 | Shoals:4 | Reached skill level 25 in Stealth
 56413 | Shoals:4 | Identified the +8 chain mail of the Old World {rC++ Str+3
                  | Dex+3}
 56415 | Shoals:4 | Got the Secrets of the Gestalt
 56441 | Shoals:4 | Got a barnacled rune of Zot
 56451 | Shoals:4 | Identified the staff of conjuration "Sotwoan" {MP+9 Dex+6
                  | SInv}
 56801 | D:14     | Acquired 687 gold pieces
 56806 | Vaults:1 | Entered Level 1 of the Vaults
 57017 | Vaults:1 | Received a gift from Nemelex Xobeh
 57265 | Vaults:1 | Received a gift from Nemelex Xobeh
 57453 | Vaults:1 | Reached skill level 10 in Long Blades
 57793 | Vaults:1 | Reached XP level 24. HP: 163/163 MP: 34/34
 58309 | Vaults:1 | Received a gift from Nemelex Xobeh
 58945 | Vaults:2 | Received a gift from Nemelex Xobeh
 59066 | Vaults:2 | Found Yrola's Antique Armour Emporium.
 59842 | Vaults:2 | Received a gift from Nemelex Xobeh
 60830 | Vaults:3 | Noticed Boris
 60831 | Vaults:3 | Received a gift from Nemelex Xobeh
 60842 | Vaults:3 | Killed Boris
 61362 | Vaults:3 | Received a gift from Nemelex Xobeh
 61713 | Vaults:3 | Received a gift from Nemelex Xobeh
 62071 | Vaults:3 | Found a staircase to the Crypt.
 63384 | Vaults:4 | Reached XP level 25. HP: 171/171 MP: 34/34
 63993 | Vaults:4 | Received a gift from Nemelex Xobeh
 64641 | Vaults:4 | Received a gift from Nemelex Xobeh
 65190 | Vaults:5 | Entered Level 5 of the Vaults
 65194 | Vaults:5 | Noticed an ancient lich
 65621 | Vaults:5 | a titan changed into a juggernaut
 65621 | Vaults:5 | Noticed a juggernaut
 65632 | Vaults:5 | Killed a juggernaut
 65695 | Vaults:5 | Mangled by a tengu reaver

Illustrated notes

Levels and vault maps discovered:
D:1:      lemuel_arrival_cross, layout_loops_ring, ebering_ecumenical_altar_mist
D:2:      layout_rooms, serial_forest, infiniplex_forest_lined_2,
          infiniplex_forest_end_1, infiniplex_forest_lined_room_3,
          infiniplex_forest_end_2, infiniplex_forest_clump_double,
          infiniplex_forest_join, minmay_misc_feat_diagonals, uniq_natasha,
          uniq_crazy_yiuf_cottage
D:3:      minmay_chambers_of_twos, layout_loops_cross, fedhas_altar_3,
          gammafunk_ghost_grave, serial_shops, shop, minmay_door_square,
          uniq_terence
D:4:      layout_rooms, nicolae_overflow_crystal_walls,
          nicolae_ossuary_entry_catacombs, hex_tiny, uniq_sigmund
D:5:      layout_rooms, nicolae_specific_store, item_on_display_a, uniq_duvessa
D:6:      layout_gridville, minmay_temple_entry_slanted, serial_shops,
          nicolae_shop_behind_doors, nicolae_book_shop_shelving, shop, shop,
          hangedman_decor_peaks_small, minmay_bent
D:7:      layout_cave_pools, mainiacjoe_overflow_alcove_4,
          gammafunk_ghost_smash, serial_bayou_pond_a, corexii_hall_statues_x,
          kennysheep_cross_bottleneck, chequers_jeans, nicolae_shop_fire_sale
          [nicolae_sub_dead_trees], minmay_holes, minmay_joined_circles
D:8:      layout_basic, serial_co_window_serial, co_window_paths_b,
          co_window_paths_b, co_window_paths_a, co_window_paths_a,
          co_window_paths_a, co_window_2corner, co_window_2corner,
          co_window_corner_cb, mrwooster_statue_mirror, uniq_pikel
D:9:      layout_small_grid, st_stairs_6, introduction_to_nature_1,
          uniq_maurice, uniq_maggie
D:10:     layout_gridville, elyvilon_altar_3, lair_entry_dummy, serial_shops,
          shop
D:11:     layout_cross, erik_orc_4, kennysheep_generic_room_11
D:12:     layout_basic, serial_bayou_lagoon_b, uniq_josephine
D:13:     layout_roguey, serial_undead, serial_undead_a, serial_undead_e,
          serial_undead_d, serial_undead_c, serial_undead_c, serial_undead_c,
          serial_undead_f, nicolae_tso_carved_into_rock
D:14:     layout_basic, ximxim_vaults_locker_room
D:15:     hangedman_depths_entry_civil_slaughter, layout_layer_cave,
          minmay_misc_feat_more_columns, minmay_lindwurm_lava
Lair:1:   layout_cave_pods, portal_ice_cave_entry_ice_simulacra,
          grunt_forest_large_clearing_hut, grunt_megastairs_2,
          serial_bayou_shore_a, serial_bayou_shore_b, infiniplex_staircase_pool,
          serial_bayou_shore_b, uniq_joseph
Lair:2:   layout_regular_city, spider_nest_entry_web_field,
          lightli_volcano_entry_magma_tube, grunt_forest_stairs_clearing,
          serial_bayou_shore_b, lemuel_fruit_tree
Lair:3:   layout_cave_pods, minmay_shoals_entry_beasts, gauntlet_entry_generic,
          minivault_11
Lair:4:   layout_small_grid, nicolae_slime_entry_slimehenge,
          serial_bayou_shore_b, infiniplex_staircase_pool_2,
          serial_bayou_shore_b
Lair:5:   evilmike_catoblepas_cave, layout_concentric_octagons,
          small_statue_intersection, minmay_lair_drake_nest,
          serial_bayou_shore_b
Shoals:1: layout_shoals, serial_shops, nicolae_shop_window_shopping,
          nicolae_shop_crystal, nicolae_take_the_stairs,
          gammafunk_ghost_cemetery, nicolae_shoals_loop_pool
Shoals:2: layout_shoals, nicolae_shoals_songs
Shoals:3: layout_shoals, uniq_mara, uniq_polyphemus
Shoals:4: shoals_end_hellmonk_lost_city
Spider:1: layout_spider_delve, drop_trap, nicolae_spider_swamp_cousins
Spider:2: layout_chambers
Spider:3: layout_spider_delve, hangedman_spider_mandibles, uniq_mlioglotl,
          uniq_donald, uniq_aizul
Spider:4: spider_rune_water, nicolae_spider_webbed_stairs
Orc:1:    layout_caves, basic_altar
Orc:2:    st_orc_mages, layout_caves, serial_shops, freezing_bzr
Elf:1:    layout_loops_corners, serial_shops, nicolae_shop_tiny_glass,
          minivault_28
Elf:2:    nicolae_elf_blades_splatter_lattice [nicolae_blade_entry_antechamber],
          layout_onion_city
Elf:3:    nooodl_elf_gasket, layout_geoelf_castle, nicolae_elf_hall_of_bonks,
          uniq_bai_suzhen
Vaults:1: ontoclasm_vaults_misaligned, nicolae_vaults_offset_grid_hallway_4,
          vaults_dpeg_encased_lava, nicolae_vaults_little_squares_2,
          ontoclasm_vaults_gateway, vaults_room_glass_cross, v_misc_18,
          nicolae_vaults_shelves_hall, vaults_standard_mumra_x,
          nicolae_vaults_tetromino_L_1, layout_vaults_omnigrid
Vaults:2: nicolae_vaults_museum, hangedman_vaults_nodes, hangedman_vaults_snaps,
          vaults_mumra_hex, nicolae_vaults_cochlea,
          nicolae_vaults_more_shelving_2, v_pattern_5, v_misc_8,
          nicolae_vaults_closet_pinwheel_1, layout_vaults_omnicross,
          serial_shops, nicolae_shop_overgrown_old_shop
Vaults:3: hangedman_vaults_nails, v_misc_18, ontoclasm_vaults_fault,
          nicolae_vaults_house_3, grunt_vaults_swirl,
          minmay_crypt_entry_simple_round, nicolae_vaults_disjoint_gnomons,
          nicolae_vaults_network_barrier, nicolae_vaults_tangram_2, v_rooms_2,
          st_lattice, v_misc_19, nicolae_vaults_little_squares_1,
          layout_vaults_omnibox, uniq_boris
Vaults:4: hangedman_vaults_hat, nicolae_vaults_network_star, vaults_room_pools,
          nicolae_vaults_puzzle_piece, grunt_vaults_focal,
          nicolae_vaults_storage_room_doors, st_more_cells, v_alt_pattern_1,
          vaults_dpeg_ring, nicolae_vaults_network_periphery,
          vaults_room_hallway, ontoclasm_vaults_bender,
          nicolae_vaults_mini_display_case, nicolae_vaults_sightless_eye,
          grunt_vaults_hallway_short, layout_vaults_ring
Vaults:5: serial_shops, uniq_sojobo, uniq_frederick
Depths:1: layout_honeycomb, minmay_misc_feat_secret_circle,
          pf_vacation_house_of_asmodeus, hangedman_abyss_entry_splay,
          minmay_multi_spiral
Depths:2: minmay_spiral_squares, layout_gridlike, pan_entry, grunt_metal_band,
          serial_co_window_serial, co_window_paths_a, co_window_paths_a,
          co_window_paths_b, co_window_paths_b, co_window_paths_a,
          co_window_paths_c, co_window_corner_cb, glass_columns_b,
          glass_columns_b, glass_columns_a, glass_columns_b, glass_columns_b,
          uniq_asterion, uniq_saint_roka
Depths:3: minmay_gate_of_8, layout_gridlike, enter_ziggurat_d,
          nicolae_trove_entry_crystal, amcnicky_mini_rare_corridor_liquid,
          pf_hell_entry_tar_spiral, abyss_entry_small_statue_room

Skill      XL: |  1  2  3  4  5  6  7  8  9 10 11 12 13 14 15 16 17 18 19 20 21 22 23 24 25 |
---------------+----------------------------------------------------------------------------+-----
Short Blades   | 3 4 5 6 7 9 10 12 | 12.0
Dodging        | 2 3 4 5 6 8 9 11 12 13 15 16 17 18 19 | 19.3
Fighting       | 3 4 5 6 7 9 10 11 13 14 15 16 17 18 19 20 21 | 21.9
Stealth        | 6 7 8 9 10 12 14 15 17 18 19 20 21 22 23 24 25 | 25.0
Evocations     | 1 4 6 8 10 11 12 | 12.3
Invocations    | 1 4 7 9 11 12 13 14 15 16 | 16.0
Shields        | 4 5 6 8 10 11 12 | 12.0
Armour         | 3 5 6 8 9 |  9.0
Long Blades    | 5 7 10 11 | 11.5
Throwing       | |  2.1

Action                     |  1- 3 |  4- 6 |  7- 9 | 10-12 | 13-15 | 16-18 | 19-21 | 22-24 | 25-27 || total
---------------------------+-------+-------+-------+-------+-------+-------+-------+-------+-------++-------
  Melee: Dagger            |    64 |   139 |   559 |   349 |       |       |       |       |       ||  1111
         Punch             |     1 |     3 |     8 |    13 |    11 |       |       |       |       ||    36
         Scimitar          |       |       |     6 |       |       |       |       |       |       ||     6
         Short sword       |       |       |       |   425 |   909 |   945 |  1289 |  1076 |       ||  4644
         Katana            |       |       |       |       |       |       |       |   847 |   343 ||  1190
  Throw: Dart              |     6 |    18 |    26 |    36 |       |       |       |       |       ||    86
         Throwing net      |       |       |     2 |       |       |       |       |     1 |       ||     3
 Invoke: Draw Destruction  |       |       |     1 |    12 |    34 |    53 |    35 |    45 |    16 ||   196
         Draw Escape       |       |       |       |     1 |     6 |    22 |     3 |     3 |     6 ||    41
         Draw Summoning    |       |       |       |       |     7 |    17 |     2 |     6 |     5 ||    37
         Triple Draw       |       |       |       |       |       |       |       |     2 |       ||     2
  Evoke: Wand              |       |       |       |     2 |     3 |     6 |    10 |     9 |       ||    30
         Condenser vane    |       |       |       |       |     1 |     2 |     1 |       |       ||     4
         Phantom mirror    |       |       |       |       |       |     1 |       |       |       ||     1
    Use: Potion            |     2 |       |       |       |     2 |     8 |     3 |     9 |     4 ||    28
         Scroll            |       |     5 |     6 |    12 |    10 |     7 |     8 |     9 |     3 ||    60
   Stab: Sleeping          |    16 |    22 |    30 |    36 |    71 |    38 |    54 |    65 |     6 ||   338
         Distracted        |       |       |     1 |     3 |     7 |    15 |    12 |    20 |     3 ||    61
         Paralysed         |       |       |       |     1 |     1 |     1 |     2 |     7 |       ||    12
         Petrifying        |       |       |       |       |       |     2 |       |       |       ||     2
         Petrified         |       |       |       |       |       |     1 |     1 |       |       ||     2
 Armour: Robe              |     7 |       |       |       |       |       |       |       |       ||     7
         Leather armour    |       |    16 |    65 |    74 |    15 |       |       |       |       ||   170
         Scale mail        |       |       |       |       |    82 |    93 |   203 |   219 |    43 ||   640
  Dodge: Dodged            |    38 |    99 |   346 |   600 |   644 |   689 |  1190 |  1067 |   241 ||  4914
  Block: Buckler           |       |       |       |       |   104 |   226 |   399 |   154 |       ||   883
         Kite shield       |       |       |       |       |       |       |       |   869 |   261 ||  1130
         Reflection        |       |       |       |       |       |       |       |    55 |     5 ||    60
